 Dungeon Crawl Stone Soup version 0.19.0 (webtiles) character file.

5 AlphabetPasta the Grave Robber (level 1, 0/9 HPs)
             Began as a Spriggan Necromancer on Nov 6, 2016.
             Slain by a hobgoblin
             ... wielding a +0 club
              (7 damage)
             ... on level 1 of the Dungeon.
             The game lasted 00:02:04 (626 turns).

AlphabetPasta the Grave Robber (SpNe)                Turns: 626, Time: 00:02:04

Health: 0/9        AC:  2    Str:  4    XL:     1   Next: 66%
Magic:  5/5        EV: 18    Int: 16    God:
Gold:   60         SH:  0    Dex: 16    Spells: 2 memorised, 4 levels left

rFire  . . .     SeeInvis +     e - +0 dagger
rCold  . . .     Gourm    .     a - +0 robe
rNeg   . . .     Faith    .     (shield restricted)
rPois  .         Spirit   .     (helmet restricted)
rElec  .         Reflect  .     (no cloak)
rCorr  .         Harm     .     (gloves unavailable)
MR     .....                    (boots unavailable)
Stlth  ++........               (no amulet)
                                (no ring)
                                (no ring)

@: very quick
A: unfitting armour, see invisible, herbivore 3, speed 3, slow metabolism 2
a: no special abilities


You were on level 1 of the Dungeon.
You were not hungry.

You visited 1 branch of the dungeon, and saw 1 of its levels.

You collected 60 gold pieces.

Inventory:

Hand Weapons
 e - a +0 dagger (weapon)
Armour
 a - a +0 robe (worn)
Jewellery
 g - an uncursed ring of protection from fire {unknown}
Scrolls
 d - a scroll of identify {unknown}
 h - a scroll of remove curse {unknown}
 i - a scroll of random uselessness {unknown}
Books
 b - a book of Necromancy

   Spells                             Type                      Level
   a - Pain                           Necromancy                   1
   b - Animate Skeleton               Necromancy                   1
   c - Vampiric Draining              Necromancy                   3
   d - Regeneration                   Charms/Necromancy            3
   e - Animate Dead                   Necromancy                   4
   f - Control Undead                 Necromancy                   4
Comestibles
 c - a bread ration
 f - a slice of pizza


   Skills:
 + Level 0.2 Short Blades
 + Level 3.0 Dodging
 + Level 3.1 Stealth
 * Level 3.0 Spellcasting
 + Level 3.6 Necromancy


You had 4 spell levels left.
You knew the following spells:

 Your Spells              Type           Power        Failure   Level  Hunger
a - Pain                  Necr           ##..         6%          1    #......
b - Animate Skeleton      Necr           N/A          6%          1    #......


Dungeon Overview and Level Annotations

Branches:
Dungeon (1/15)

Altars:


Innate Abilities, Weirdness & Mutations

You are very small and have problems with some larger weapons.
You are too small for most types of armour.
You have supernaturally acute eyesight. (SInv)
You are a herbivore.
You cover ground extremely quickly.
You need consume almost no food.


Message History

You start resting.
Your magical contamination has completely faded away.
You start resting.
Magic restored.
A hobgoblin comes into view. It is wielding a club.
A rat comes into view.
Found 28 stones.
Found a stone staircase leading down. 2 jackals come into view.
The hobgoblin shouts!
The jackal barks!
You hear a bark!
Found an escape hatch in the floor.
You hit the hobgoblin but do no damage.
Your bat skeleton hits the hobgoblin.
The hobgoblin misses you.
Your bat skeleton closely misses the hobgoblin.
A jackal comes into view.
You hit the hobgoblin.
The hobgoblin is moderately wounded.
Your bat skeleton closely misses the hobgoblin.
The hobgoblin hits you with a club!
Ouch! That really hurt!
You die...

........)...##......
...........##......
####+###...#....##......
...........#....##..####
....>......Z.....#..#
.................#..#
.................#..#
.................#..#
.......@Z.....##.#).#
.......g...r..# .#..####
..............# #......
...........(.## #......
...h.........# #......
.hh..........# #..####
.............# #..#
>............# #..# #..#


You could see 3 jackals, a hobgoblin, a rat, a friendly bat skeleton and a
friendly rat skeleton.

Vanquished Creatures
  A bat (D:1)
  4 kobolds (D:1)
  2 rats (D:1)
7 creatures vanquished.

Notes
Turn   | Place    | Note
-------+----------+-------------------------------------------
     0 | D:1      | AlphabetPasta the Spriggan Necromancer began the quest for the Orb.
     0 | D:1      | Reached XP level 1. HP: 9/9 MP: 5/5
     9 | D:1      | Learned a level 1 spell: Animate Skeleton
   626 | D:1      | Slain by a hobgoblin

Skill      XL: |  1 |
---------------+----+-----
Spellcasting   | 3 |  3.0
Short Blades   | |  0.2
Dodging        | |  3.0
Stealth        | |  3.1
Necromancy     | |  3.6

Action                   || total
-------------------------++-------
Melee: Dagger            ||    13
 Cast: Pain              ||    12
       Animate Skeleton  ||     4
 Stab: Sleeping          ||     1
Armor: Robe              ||     2
Dodge: Dodged            ||    12
